 Dungeon Crawl Stone Soup version 0.28.0 (webtiles) character file.

Game seed: 10481982752443767831

16 horus123 the Skirmisher (level 2, 0/25 HPs)
             Began as a Djinni Cinder Acolyte on Feb 6, 2022.
             Was a High Priest of Ignis.
             Slain by a jackal (1 damage)
             ... on level 1 of the Dungeon.
             The game lasted 00:00:47 (559 turns).

horus123 the Skirmisher (Djinni Cinder Acolyte)      Turns: 559, Time: 00:00:48

Health: 0/25       AC:  2    Str: 13    XL:     2   Next: 75%
Gold:   26         EV: 11    Int: 15    God:    Ignis [*****.] SH:  0 Dex:  8

rFire   + + +      SeeInvis .   a - -1 falchion (flame)
rCold   x . .      Faith    .   (no shield)
rNeg    . . .      Spirit   .   b - +0 robe
rPois   ∞          Reflect  .   (no helmet)
rElec   .          Harm     .   (no cloak)
rCorr   .          Rampage  .   (no gloves)
Will    .....                   (boots unavailable)
Stlth   +.........              (no amulet)
HPRegen 0.08/turn               (no ring)
MPRegen 0.00/turn               (no ring)

@: flying
A: sickness immunity, fire resistance 2, cold vulnerability 1, float, innate
caster, HP casting, extra vitality 1
a: Renounce Religion, Fiery Armour, Foxfire Swarm, Rising Flame


You were on level 1 of the Dungeon.
You worshipped Ignis.
Ignis was extremely pleased with you.
You visited 1 branch of the dungeon, and saw 1 of its levels.

You collected 26 gold pieces.

Inventory:

Hand Weapons
 a - a -1 falchion of flaming (weapon)
Armour
 b - a +0 robe (worn)
Jewellery
 e - a ring of wizardry
Scrolls
 c - a scroll of identify {unknown}
 d - a scroll of teleportation {unknown}


   Skills:
 - Level 3.1 Fighting
 - Level 2.8 Long Blades
 + Level 2.9 Spellcasting


You had 4 spell levels left.
You knew the following spells:

 Your Spells              Type           Power      Damage    Failure   Level
a - Scorch                Fire           22%        2d6       9%          2
Your spell library was empty.

Dungeon Overview and Level Annotations

Branches:
Dungeon (1/15)

Altars:


Innate Abilities, Weirdness & Mutations

You are immune to sickness and miasma.
You are immune to poison.
Your flesh is very heat resistant. (rF++)
You are vulnerable to cold. (rC-)
You float through the air rather than walking.
You learn spells naturally, not from books.
Your magical power is your life essence.
You have superior vitality. (+4 MHP)


Message History

The jackal is almost dead.
The jackal barely misses you. The jackal closely misses you.
A kobold comes into view. It is wielding a +0 club.
You hit the jackal. You burn the jackal.
You kill the jackal!
The jackal bites you but does no damage.
You hit the jackal but do no damage.
The jackal bites you but does no damage.
You slash the jackal! You burn the jackal.
You kill the jackal!
The jackal barely misses you.
You closely miss the jackal. You hit the jackal. You burn the jackal.
You kill the jackal!
You hit the endoplasm. You burn the endoplasm.
The endoplasm is moderately wounded.
The endoplasm freezes you.
You are frozen.
You feel a terrible chill!
* * * LOW HITPOINT WARNING * * *
You hit the endoplasm. You burn the endoplasm.
You kill the endoplasm!
The jackal bites you but does no damage.
You aren't carrying any potions.
You hit the jackal but do no damage.
The jackal bites you but does no damage.
The jackal completely misses you.
You closely miss the jackal. The jackal closely misses you.
The jackal bites you but does no damage.
You hit the jackal but do no damage. The jackal bites you.
* * * LOW HITPOINT WARNING * * *
You closely miss the jackal. The jackal bites you.
* * * LOW HITPOINT WARNING * * *
The jackal barely misses you. The jackal barely misses you.
The jackal bites you.
* * * LOW HITPOINT WARNING * * *
The jackal bites you.
* * * LOW HITPOINT WARNING * * *
The jackal bites you.
You die...

.. # # .# #########
###. # ...!....# #.. #
##..### ........#
#.#####.# .......
...>....##.#.hhh@..#.
########## ..........
#.#####.#..##.........
........# #...#
#..#........(.
........######h#
##..#......⌠...
........##Kh...#
...##.........
...........#####
#..##..⌠...⌠.
........###..######
#...##....... ....#####
##...)..###....##.⌠....
....
##.####...#..#..##.....


You could see 3 jackals.

Vanquished Creatures
  A ball python (D:1)
  2 endoplasms (D:1)
  A giant cockroach (D:1)
  A hobgoblin (D:1)
  3 jackals (D:1)
  A bat (D:1)
  A frilled lizard (D:1)
  3 goblins (D:1)
  A rat (D:1)
14 creatures vanquished.

Notes
Turn   | Place    | Note
-------+----------+-------------------------------------------
     0 | D:1      | horus123 the Djinni Cinder Acolyte began the quest for the
                  | Orb.
     0 | D:1      | Reached XP level 1. HP: 20/20 MP: 0/0
   400 | D:1      | Reached XP level 2. HP: 25/25 MP: 0/0
   556 | D:1      | HP: 1/25 [jackal (1)]
   559 | D:1      | Slain by a jackal

Illustrated notes

Levels and vault maps discovered:
D:1:      dpeg_arrival_lava_temple_mockup, layout_rooms,
          chequers_ecumenical_altar_grove, minmay_misc_feat_ornament

Action                   || total
-------------------------++-------
Melee: Falchion          ||    48
Armor: Robe              ||    14
Dodge: Dodged            ||    36
